 Dungeon Crawl Stone Soup version 0.29-a0-219-g0a02b1cf4f (webtiles) character file.

Game seed: 13569040490041030574

82 tognito the Chopper (level 4, 0/40 HPs)
             Began as a Minotaur Berserker on Feb 25, 2022.
             Was a Believer of Trog.
             Succumbed to a kobold's poison
             ... on level 3 of the Dungeon.
             The game lasted 00:03:31 (2258 turns).

tognito the Chopper (Minotaur Berserker)            Turns: 2258, Time: 00:03:31

Health: 0/40       AC:  7    Str: 29 (30) XL:     4   Next: 21%
Magic:  3/3        EV: 11    Int:  4      God:    Trog [**....]
Gold:   87         SH:  0    Dex:  8 (9)  Spells: 3/3 levels left

rFire   . . .      SeeInvis .   a - +2 hand axe (flame)
rCold   . . .      Faith    .   (no shield)
rNeg    . . .      Spirit   .   j - +1 ring mail "Woextym" {rCorr}
rPois   .          Reflect  .   (helmet restricted)
rElec   .          Harm     .   l - +0 cloak
rCorr   +          Rampage  .   (no gloves)
Will    +++..                   (no boots)
Stlth   ..........              (no amulet)
HPRegen 1.13/turn               e - +6 ring of strength
MPRegen 0.08/turn               k - ring of willpower

@: lethally poisoned (0 -> -8), strong-willed, regenerating
A: horns 2, retaliatory headbutt
a: Renounce Religion, Berserk, Trog's Hand


You were on level 3 of the Dungeon.
You worshipped Trog.
Trog was pleased with you.
You visited 1 branch of the dungeon, and saw 3 of its levels.

You collected 87 gold pieces.

Inventory:

Hand Weapons
 a - a +2 hand axe of flaming (weapon)
Missiles
 f - 10 poisoned darts (quivered)
Armour
 j - the +1 ring mail "Woextym" (worn) {rCorr}
   (You found it on level 2 of the Dungeon)

   rCorr:     It protects you from acid and corrosion.
 l - a +0 cloak (worn)
Jewellery
 e - a +6 ring of strength (left hand)
 k - a ring of willpower (right hand)
Scrolls
 b - a scroll of enchant weapon {unknown}
 c - 2 scrolls of identify {unknown}
 d - a scroll of teleportation {unknown}
 g - 3 scrolls of enchant armour {unknown}
 h - a scroll of fog {unknown}
 i - a scroll of holy word {unknown}
Potions
 m - a potion of curing


   Skills:
 + Level 4.2 Fighting
 * Level 4.6 Axes
 + Level 1.2 Throwing
 + Level 3.1 Armour
 + Level 2.8 Dodging


You had 3 spell levels left.
You didn't know any spells.
Your spell library was empty.

Dungeon Overview and Level Annotations

Branches:
Dungeon (3/15)

Altars:


Innate Abilities, Weirdness & Mutations

You have a pair of horns on your head.
You reflexively headbutt those who attack you in melee.


Message History

A ball python, an iguana and a rat come into view.
The ball python hisses angrily.
The iguana hisses angrily.
You hear a shout!
You see here a +0 mace.
You hit the rat. You burn the rat.
You kill the rat!
Trog accepts your kill.
You barely miss the ball python. Your headbutt misses the ball python.
The ball python bites you but does no damage.
The ball python closely misses you.
A kobold comes into view. It is wielding a +0 whip of venom.
You hit the ball python. You burn the ball python.
You kill the ball python!
Trog accepts your kill.
You closely miss the iguana. The iguana bites you.
You hit the iguana but do no damage. The iguana bites you!
You closely miss the iguana. You headbutt the iguana.
The iguana is heavily wounded.
The iguana bites you!
The iguana bites you but does no damage.
You slash the iguana! You burn the iguana.
You kill the iguana!
Trog accepts your kill. The kobold hits you but does no damage.
You are lethally poisoned!
You feel your intelligence returning.
You have reached level 4!
You feel stronger.
Your skin crawls.
You feel strong-willed.
You feel very sick.
The kobold hits you with a +0 whip of venom.
* * * LOW HITPOINT WARNING * * *
You are lethally poisoned!
You hit the kobold. You burn the kobold.
You kill the kobold!
Trog accepts your kill.
* * * LOW HITPOINT WARNING * * *
You feel very sick.
Found a scroll labelled BOYCOU PEEQ.
You die...

#. #.# #.# ##.##
#...# #.).#
##...## #...).#
#.#@#.## #.#..###
#.##...####
...###....#####.#
.#. ####.......#
#...###....#######
..##.##...####
..#?#..###.#
#.###.## #.#


There were no monsters in sight!

Vanquished Creatures
  An iguana (D:3)
  An adder (D:2)
  2 dart slugs (D:1)
  An orc (D:3)
  3 ball pythons
  2 endoplasms
  4 goblins
  2 hobgoblins
  3 jackals (D:1)
  6 kobolds
  3 quokkas (D:1)
  5 bats
  3 frilled lizards
  7 rats
43 creatures vanquished.

Vanquished Creatures (others)
  A goblin (D:1)
1 creature vanquished.

Grand Total: 44 creatures vanquished

Notes
Turn   | Place    | Note
-------+----------+-------------------------------------------
     0 | D:1      | tognito the Minotaur Berserker began the quest for the Orb.
     0 | D:1      | Reached XP level 1. HP: 19/19 MP: 0/0
   448 | D:1      | Reached XP level 2. HP: 27/27 MP: 1/1
   885 | D:1      | Reached XP level 3. HP: 22/33 MP: 2/2
  1390 | D:2      | Reached skill level 1 in Throwing
  1392 | D:2      | Reached ** piety under Trog
  1575 | D:2      | Identified the +1 ring mail "Woextym" {rCorr}
  2256 | D:3      | Reached XP level 4. HP: 12/40 MP: 3/3
  2257 | D:3      | HP: 1/40 [poisoned by a kobold]
  2258 | D:3      | Succumbed to a kobold's poison

Illustrated notes

Levels and vault maps discovered:
D:1:      erik_arrival_cave_to_civilisation [erik_arrival_cave_to_hall],
          layout_basic
D:2:      layout_basic
D:3:      minmay_general_purpose_star, layout_loops_ring,
          chequers_serial_rivers_room_b, uniq_sigmund

Skill      XL: |  1  2  3 |
---------------+----------+-----
Axes           | 4 |  4.6
Fighting       | 4 |  4.2
Throwing       | 1 |  1.2
Armour         | 3 |  3.1
Dodging        | |  2.8

Action                   |  1- 3 |  4- 6 || total
-------------------------+-------+-------++-------
Melee: Hand axe          |    80 |     1 ||    81
       Headbutt          |     8 |       ||     8
Throw: Dart              |    10 |       ||    10
Invok: Trog's Hand       |       |     1 ||     1
  Use: Potion            |     3 |       ||     3
Armor: Animal skin       |     2 |       ||     2
       Ring mail         |    20 |       ||    20
Dodge: Dodged            |    46 |       ||    46

Table legend: (Time is in decaauts)
 A = Elapsed time spent in this place.
 B = Non-inter-level travel time spent in this place.
 C = Inter-level travel time spent in this place.
 D = Time resting spent in this place.
 E = Time spent auto-exploring this place.
 F = Levels seen in this place.
 G = Mean time per level.
                   A        B        C        D        E       F      G
               +--------+--------+--------+--------+--------+-----+--------+
         Total |   2263 |   2196 |     67 |      9 |   1856 |   3 |  754.3 |
       Dungeon |   2263 |   2196 |     67 |      9 |   1856 |   3 |  754.3 |
               +--------+--------+--------+--------+--------+-----+--------+

Top non-repeatable levels by time:
     D:1: 1378 daAuts
     D:2: 674 daAuts
     D:3: 210 daAuts
